 Dungeon Crawl Stone Soup version 0.31-a0-202-g547052bce9 (webtiles) character file.

Game seed: 13387777118506550605

69 qw the Shooter (level 4, -1/25 HPs)
             Began as a Deep Elf Hunter on June 26, 2023.
             Frozen to death by an endoplasm (3 damage)
             ... on level 2 of the Dungeon.
             The game lasted 00:00:36 (1744 turns).

qw the Shooter (Deep Elf Hunter)                    Turns: 1744, Time: 00:00:37

Health: -1/25      AC:  3    Str:  7 (10) XL:     4   Next: 2%
Magic:  6/6        EV: 12    Int: 12 (14) God:
Gold:   145        SH:  0    Dex: 16 (18) Spells: 3/3 levels left

rFire   . . .        Y - +0 shortbow
rCold   . . .        (shield currently unavailable)
rNeg    . . .        c - +0 leather armour
rPois   .            (no helmet)
rElec   .            (no cloak)
rCorr   .            (no gloves)
SInv    .            (no boots)
Will    .....        (no amulet)
Stlth   ++           (no ring)
HPRegen 0.24/turn    (no ring)
MPRegen 0.10/turn

%: clarity
@: no status effects
A: clarity
a: no special abilities


You were on level 2 of the Dungeon.
You visited 1 branch of the dungeon, and saw 2 of its levels.

You collected 145 gold pieces.


Innate Abilities, Weirdness & Mutations

You possess an exceptional clarity of mind.


   Skills:
 - Level 1.5 Fighting
 + Level 7.4 Ranged Weapons
 - Level 2.4 Dodging
 - Level 1.2 Stealth


You had 3 spell levels left.
You didn't know any spells.
Your spell library was empty.

Inventory:

Hand Weapons
 Y - a +0 shortbow (weapon)
Armour
 c - a +0 leather armour (worn)
Scrolls
 b - a scroll of torment {unknown}
 d - a scroll of vulnerability {unknown}
Potions
 a - a potion of curing {unknown}
 f - a potion of enlightenment {unknown}
 g - a potion of mutation

Dungeon Overview and Level Annotations

Branches:
Dungeon (2/15)

Altars:
Wu Jian

Annotations:
D:2 Terence


Message History

Enter note:
Enter note:
Enter note: You shoot an arrow.
The arrow hits Terence but does no damage.
An endoplasm comes into view.
You shoot an arrow. The arrow hits Terence.
Terence is lightly wounded.
You shoot an arrow. The arrow hits Terence.
Terence is lightly wounded.
Terence hits you with a +0 mace.
An endoplasm comes into view.
You shoot an arrow. The arrow hits Terence.
Terence is lightly wounded.
The endoplasm closely misses you. Terence barely misses you.
You shoot an arrow.
The arrow hits Terence but does no damage.
Terence is lightly wounded.
Terence closely misses you.
The endoplasm hits you but does no damage.
You shoot an arrow. The arrow barely misses Terence.
The endoplasm freezes you.
You are frozen.
Terence hits you with a +0 mace.
You shoot an arrow. The arrow hits Terence.
Terence is moderately wounded.
The endoplasm freezes you.
You are frozen.
Terence misses you.
You shoot an arrow.
The arrow hits Terence but does no damage.
Terence is moderately wounded.
Terence hits you with a +0 mace. The endoplasm barely misses you.
You shoot an arrow. The arrow hits Terence.
Terence is heavily wounded.
The endoplasm freezes you.
You are frozen.
Terence hits you with a +0 mace.
You shoot an arrow. The arrow hits Terence.
Terence is severely wounded.
The endoplasm freezes you.
You are frozen.
You die...

<# #.#
#.# .#
#.# #.#
.# #.#
#.# .#
#.# #.##
.# #.#
#..## .#
#.#
###.#.##
## .>.
>J###.#
###J#.##
#.@## #
#.@# #
....# ##
#.###.#
[#. #
#..
.....
#.7
##.##
#.. # .#
##7 #


You could see Terence and 2 endoplasms.

Vanquished Creatures
  An adder (D:2)
  A worm (D:2)
  3 dart slugs
  5 ball pythons
  4 endoplasms
  3 giant cockroaches
  7 goblins
  8 hobgoblins
  3 jackals (D:1)
  2 quokkas (D:1)
  A bat (D:1)
  A frilled lizard (D:1)
  A kobold (D:1)
  5 rats
45 creatures vanquished.

Notes
Turn   | Place    | Note
-------+----------+-------------------------------------------
     0 | D:1      | qw the Deep Elf Hunter began the quest for the Orb.
     0 | D:1      | Reached XP level 1. HP: 12/12 MP: 3/3
     0 | D:1      | 0 ||| qw: Version: 0.3-a-22-g0ed2b0b
     0 | D:1      | 0 ||| qw: Game counter: 6285
     0 | D:1      | 0 ||| qw: Melee chars always use a shield: true
     0 | D:1      | 0 ||| qw: God list: Okawaru
     0 | D:1      | 0 ||| qw: Allow faded altars: false
     0 | D:1      | 0 ||| qw: Do Orc after clearing Dungeon:15 true
     0 | D:1      | 0 ||| qw: Do second Lair branch before Depths: true
     0 | D:1      | 0 ||| qw: Lair rune preference: random
     0 | D:1      | 0 ||| qw: Goals: Normal
     0 | D:1      | 0 ||| PLANNING D:1-11
   137 | D:1      | Reached skill level 6 in Ranged Weapons
   137 | D:1      | Reached XP level 2. HP: 16/16 MP: 4/4
   238 | D:1      | HP: 2/16 [endoplasm (3)]
   532 | D:1      | Reached XP level 3. HP: 17/20 MP: 5/5
   809 | D:1      | Found a faded altar of an unknown god.
   898 | D:1      | 898 ||| DROPPING +3 sling.
  1071 | D:1      | 1071 ||| READING scroll labelled FUCEINNURO.
  1072 | D:1      | 1072 ||| DRINKING 2 smoky white potions.
  1073 | D:1      | 1073 ||| DRINKING 2 pink potions.
  1073 | D:1      | Gained mutation: You possess an exceptional clarity of
                  | mind. [potion of mutation]
  1074 | D:1      | 1074 ||| DROPPING scroll of butterflies.
  1075 | D:1      | 1075 ||| DROPPING potion of degeneration.
  1219 | D:2      | Reached skill level 7 in Ranged Weapons
  1424 | D:2      | Found an ornate altar of the Wu Jian Council.
  1623 | D:2      | Reached XP level 4. HP: 13/25 MP: 6/6
  1734 | D:2      | Noticed Terence
  1742 | D:2      | HP: 6/25 [Terence/+0 mace (6)]
  1743 | D:2      | HP: 1/25 [Terence/+0 mace (3)]
  1744 | D:2      | Frozen to death by an endoplasm

Levels and vault maps discovered:
D:1:      nagdon_arrival_zigzag_paths, layout_loops_corners,
          dilly_ecumenical_altar_fadedgnrine, minmay_tromino_v4_a
D:2:      layout_loops_ring, basic_altar, serial_forest,
          infiniplex_forest_corner_2, infiniplex_forest_clump_tiny,
          infiniplex_forest_clump_small, infiniplex_forest_end_3,
          infiniplex_forest_zigzag_1, infiniplex_forest_clump_small,
          infiniplex_forest_corner_2, infiniplex_forest_end_3,
          nicolae_elevator_lobby_asterisk, uniq_crazy_yiuf_cottage,
          uniq_sigmund, uniq_jessica, uniq_terence

Skill      XL: |  1  2  3 |
---------------+----------+-----
Ranged Weapons | 6 7 |  7.4
Fighting       | |  1.5
Dodging        | |  2.4
Stealth        | |  1.2

Action                     |  1- 3 |  4- 6 || total
---------------------------+-------+-------++-------
   Fire: Shortbow          |   141 |    11 ||   152
    Use: Potion            |     2 |       ||     2
         Scroll            |     1 |       ||     1
 Armour: Leather armour    |    19 |     1 ||    20
  Dodge: Dodged            |    40 |     5 ||    45

Table legend:
 A = Non-vault XP
 B = Vault XP
 C = Vault XP percentage of total XP
 D = Non-vault monster count
 E = Vault monster count
 F = Vault count percentage of total count
                 A         B        C        D         E       F
            +---------+---------+-------+---------+---------+-------
      Total |      94 |       5 |   5.1 |      42 |       3 |   6.7
            +---------+---------+-------+---------+---------+-------
        D:1 |      53 |       5 |   8.6 |      29 |       3 |   9.4
        D:2 |      41 |       0 |   0.0 |      13 |       0 |   0.0
            +---------+---------+-------+---------+---------+-------
